 Dungeon Crawl Stone Soup version 0.17-a0-764-gd40c196 (webtiles) character file.

13251 oplop the Fighter (level 12, -2/77 HPs)
             Began as a Tengu Wanderer on Apr 23, 2015.
             Was a High Priest of Okawaru.
             Slain by Maud
             ... wielding a +3 scimitar
              (20 damage)
             ... on level 3 of the Lair of Beasts.
             The game lasted 00:40:25 (13210 turns).

oplop the Fighter (Tengu Wanderer)                 Turns: 13210, Time: 00:40:26

Health: -2/77      AC: 19    Str: 11    XL:     12   Next: 4%
Magic:  17/20      EV: 24    Int: 17    God:    Okawaru [*****.]
Gold:   925        SH:  0    Dex: 18    Spells: 1 memorised, 17 levels left

rFire  + . .     SeeInvis .     a - +2 glaive (protect)
rCold  + . .     Clarity  .     l - +3 ring mail {rC+}
rNeg   . . .     SustAb   .     (no shield)
rPois  +         Gourm    .     (helmet restricted)
rElec  .         Spirit   .     (no cloak)
rCorr  +         Warding  .     g - +0 pair of gloves
rMut   .         Stasis   .     (boots unavailable)
MR     .....                    p - amulet of resist corrosion
Stlth  +++.......               C - ring of protection from fire
                                q - ring of poison resistance

@: heroism, flying quickly and evasively, quick, not resistant to hostile
enchantments, fairly stealthy
A: beak, claws 1, horns 1, talons 3, iridescent scales 1, thin skeletal
structure 1, blurry vision 1, deformed body, poison resistance, spit poison 1,
able to fly 1
a: Spit Poison, Heroism, Finesse, Renounce Religion


You were on level 3 of the Lair of Beasts.
You worshipped Okawaru.
Okawaru was extremely pleased with you.
You were not hungry.

You visited 3 branches of the dungeon, and saw 14 of its levels.

You collected 925 gold pieces.

Inventory:

Hand weapons
 a - a +2 glaive of protection (weapon)
 b - a +0 blowgun
 t - a cursed -1 club
 u - a +2 quarterstaff
 y - a +0 dagger of electrocution
 G - a +0 glaive
Missiles
 f - 28 poisoned needles
 j - 369 stones (quivered)
Armour
 g - a +0 pair of gloves (worn)
 l - a +3 ring mail of cold resistance (worn)
Jewellery
 p - an amulet of resist corrosion (around neck)
 q - a ring of poison resistance (left hand)
 C - a ring of protection from fire (right hand)
Magical devices
 c - a wand of heal wounds (4)
 z - a wand of lightning (1)
 A - a wand of cold (9)
 B - a wand of flame (29)
 D - a wand of random effects (2)
 N - a wand of lightning (10)
Scrolls
 h - 10 scrolls of identify
 i - a scroll of teleportation
 w - 3 scrolls of remove curse
 E - 2 scrolls of enchant armour {unknown}
 F - a scroll of enchant weapon {unknown}
 L - a scroll of blinking {unknown}
 M - a scroll of amnesia
 O - 2 scrolls of fear {unknown}
 R - a scroll of recharging
Potions
 e - 3 potions of agility
 k - a potion of might
 m - 3 potions of lignification
 n - a potion of curing
 r - a potion of brilliance
 I - a potion of poison {unknown}
 P - a potion of berserk rage
Books
 o - a book of Enchantments

   Spells                             Type                      Level
   a - Cause Fear                     Hexes                        4
   b - Silence                        Hexes/Air                    5
   c - Deflect Missiles               Charms/Air                   6
   d - Haste                          Charms                       6
   e - Discord                        Hexes                        8
 s - a book of Frost

   Spells                             Type                      Level
   a - Freeze                         Ice                          1
   b - Throw Frost                    Conjuration/Ice              2
   c - Ozocubu's Armour               Charms/Ice                   3
   d - Throw Icicle                   Conjuration/Ice              4
   e - Summon Ice Beast               Ice/Summoning                4
   f - Condensation Shield            Ice                          4
 v - a book of Burglary

   Spells                             Type                      Level
   a - Swiftness                      Charms/Air                   2
   b - Passwall                       Transmutation/Earth          3
   c - Passage of Golubria            Translocation                4
   d - Lee's Rapid Deconstruction     Earth                        5
   e - Invisibility                   Hexes                        6
   f - Darkness                       Hexes                        7
 x - a book of the Warp

   Spells                             Type                      Level
   a - Recall                         Summoning/Translocation      3
   b - Gell's Gravitas                Hexes/Translocation          3
   c - Control Teleport               Charms/Translocation         4
   d - Force Lance                    Conjuration/Translocation    4
   e - Phase Shift                    Translocation                5
   f - Warp Weapon                    Charms/Translocation         5
   g - Summon Forest                  Summoning/Translocation      5
 J - a book of Alchemy

   Spells                             Type                      Level
   a - Sublimation of Blood           Necromancy                   2
   b - Alistair's Intoxication        Transmutation/Poison         4
   c - Condensation Shield            Ice                          4
   d - Petrify                        Transmutation/Earth          4
   e - Ignite Poison                  Fire/Transmutation/Poison    3
   f - Irradiate                      Conjuration/Transmutation    5
Comestibles
 d - 7 bread rations
 H - 19 fruits
 K - 2 meat rations


   Skills:
 - Level 10.1(15.1) Fighting
 + Level 8.2(14.4) Polearms
 - Level 7.1(13.9) Staves
 - Level 1.6(6.6) Throwing
 - Level 8.4(13.4) Armour
 - Level 9.2(14.2) Dodging
 - Level 1.0(6.0) Stealth
 + Level 4.8 Spellcasting
 + Level 4.6 Ice Magic
 - Level 2.0 Evocations


You had 17 spell levels left.
You knew the following spells:

 Your Spells              Type           Power        Failure   Level  Hunger
a - Ozocubu's Armour      Chrm/Ice       ##......     30%         3    ###....


Dungeon Overview and Level Annotations

Branches:
Dungeon (10/15)            Temple (1/1) D:5            Lair (3/8) D:8
  Swamp: Lair:3-6    Shoals: Lair:3-6     Snake: Lair:3-6    Spider: Lair:3-6
    Orc: D:9-12

Altars:
Ashenzari
Cheibriados
Dithmenos
Elyvilon
Fedhas
Gozag
Kikubaaqudgha
Makhleb
Nemelex Xobeh
Okawaru
Qazlal
Ru
Sif Muna
Trog
Vehumet
Xom
Yredelemnul
Zin
The Shining One

Shops:
D:5 *}   D:7 *

Annotations:
Lair:3 Maud


Innate Abilities, Weirdness & Mutations

You have a beak for a mouth.
You have claws for feet.
You can fly.
You have sharp fingernails.
You have a pair of small horns on your head.
You are partially covered in iridescent scales (AC +4).
You have a somewhat thin skeletal structure (Dex +2, Stealth).
Scrolls take you a little longer to read.
Armour fits poorly on your strangely shaped body.
Your system is resistant to poisons.
You can spit weak poison.


Message History

Your peck misses Maud.
Maud is heavily wounded.
Maud closely misses you.
You barely miss Maud. Your kick misses Maud.
Maud is heavily wounded.
Maud hits you with an enchanted scimitar.
You barely miss Maud. Your kick misses Maud.
Maud is heavily wounded.
You slash Maud! You claw Maud, but do no damage.
You headbutt Maud, but do no damage.
Maud is heavily wounded.
Maud hits you with an enchanted scimitar!!
* * * LOW HITPOINT WARNING * * *
You hit Maud. You claw Maud.
Maud is heavily wounded.
Maud misses you.
You hit Maud but do no damage. Your kick misses Maud.
Maud is heavily wounded.
Maud hits you with an enchanted scimitar!!
You die...

... #.....##
.#......##
..........##
............###
...........##.#
.............#
#.............##
#......@@......#
#.............P#
..........†...##
...............###.
...................
###.##.........##.
## ##..†.....###
#............
##...........#


You could see Maud.

Vanquished Creatures
  Erolcha (D:8)
  An unseen horror (D:8)
  A hill giant (D:10)
  2 spiny frogs
  A gargoyle (D:8)
  2 two-headed ogres
  Prince Ribbit (D:7)
  3 blink frogs (Lair:1)
  A spriggan (D:8)
  3 fire bats (Lair:2)
  4 wolves (Lair:3)
  13 yaks
  A hungry ghost (D:8)
  A deep elf fighter (D:8)
  A hippogriff (Lair:2)
  9 porcupines
  4 water moccasins
  4 orc warriors
  2 ice beasts (D:8)
  A black bear (D:8)
  3 ogres (D:8)
  A phantom (D:9)
  4 sky beasts
  6 crocodiles
  A big kobold (D:8)
  9 giant frogs
  15 killer bees
  3 scorpions
  2 jellies (D:8)
  An electric eel (Lair:2)
  4 crimson imps
  A wasp zombie (D:8)
  2 centaur zombies
  4 hounds
  An orc priest (D:9)
  7 iguanas
  2 giant frog skeletons
  Terence (D:2)
  5 orc wizards
  11 worker ants
  10 adders
  4 gnolls (D:5)
  21 river rats
  A shadow imp (D:8)
  An ooze (D:1)
  An adder skeleton (D:5)
  2 worms
  8 giant geckos
  15 orcs
  2 ball pythons
  8 giant cockroaches
  18 hobgoblins
  17 jackals
  6 quokkas
  16 bats
  5 giant newts
  A giant spore (D:7)
  14 goblins
  A jackal skeleton (D:9)
  20 kobolds
  19 rats
  7 ballistomycetes (D:7)
336 creatures vanquished.

Vanquished Creatures (others)
  3 giant spores (D:7)
3 creatures vanquished.

Grand Total: 339 creatures vanquished

Notes
Turn   | Place    | Note
--------------------------------------------------------------
     0 | D:1      | oplop, the Tengu Wanderer, began the quest for the Orb.
     0 | D:1      | oplop set off with: a +2 quarterstaff, 2 scrolls of teleportation, a +0 robe, a bread ration
     0 | D:1      | Reached XP level 1. HP: 16/16 MP: 3/3
   210 | D:1      | Reached XP level 2. HP: 21/21 MP: 4/4
   575 | D:2      | Reached XP level 3. HP: 24/26 MP: 5/5
   938 | D:2      | Reached skill level 6 in Fighting
   938 | D:2      | Reached XP level 4. HP: 22/32 MP: 6/6
  1406 | D:2      | Noticed Terence
  1420 | D:2      | Killed Terence
  1634 | D:2      | Gained mutation: You can fly. [Tengu growth]
  1634 | D:2      | Reached XP level 5. HP: 36/36 MP: 7/7
  1788 | D:3      | Reached skill level 1 in Stealth
  1861 | D:3      | Found a shattered altar of Ashenzari.
  1932 | D:3      | Found a burning altar of Makhleb.
  1932 | D:3      | Noticed an Executioner
  1935 | D:3      | Noticed a hellwing
  1935 | D:3      | Noticed a neqoxec
  2551 | D:4      | Got a crude ring mail
  2562 | D:4      | Identified the +1 ring mail "Asosyu" {+Inv rF+++ Dex+3 Slay-5} (You found it on level 4 of the Dungeon)
  2741 | D:4      | Reached skill level 1 in Throwing
  2844 | D:4      | Found a bloodstained altar of Trog.
  2845 | D:4      | Found an iron altar of Okawaru.
  2948 | D:4      | Reached XP level 6. HP: 41/41 MP: 8/8
  3013 | D:5      | Entered Level 5 of the Dungeon
  3021 | D:5      | Found Pestusom's Elemental Accessories.
  3169 | D:5      | Found a staircase to the Ecumenical Temple.
  3196 | Temple   | Entered the Ecumenical Temple
  3490 | D:4      | Became a worshipper of Warmaster Okawaru
  3532 | D:5      | Found Arigy's Gadget Boutique.
  3626 | D:5      | Reached skill level 1 in Armour
  3791 | D:5      | Reached XP level 7. HP: 24/47 MP: 9/9
  4863 | D:7      | Found Wookil's Whimsical Warehouse.
  4944 | D:7      | Acquired Okawaru's first power
  5095 | D:7      | Found a sparkling altar of Nemelex Xobeh.
  5368 | D:7      | Found a snail-covered altar of Cheibriados.
  5378 | D:7      | Noticed Prince Ribbit
  5405 | D:7      | Killed Prince Ribbit
  5405 | D:7      | Reached skill level 7 in Fighting
  5405 | D:7      | Reached skill level 5 in Dodging
  5405 | D:7      | Reached XP level 8. HP: 16/53 MP: 6/10
  5702 | D:7      | Reached skill level 5 in Staves
  6426 | D:8      | Got an opalescent robe
  6431 | D:8      | Reached XP level 9. HP: 37/59 MP: 11/11
  6468 | D:8      | Reached skill level 5 in Armour
  6640 | D:8      | Reached skill level 8 in Fighting
  6867 | D:8      | Noticed a gargoyle
  7152 | D:9      | Identified the +1 robe of Defiance {rC+ rN+ rCorr Slay-4} (You found it on level 8 of the Dungeon)
  7436 | D:9      | Found a shadowy altar of Dithmenos.
  7572 | D:9      | Found an opulent altar of Gozag.
  7666 | D:9      | Reached skill level 1 in Polearms
  7672 | D:9      | Gained mutation: Your spells are a little easier to cast, but a little less powerful. [mutagenic meat]
  7673 | D:9      | Gained mutation: You have a somewhat thin skeletal structure (Dex +2, Stealth). [mutagenic meat]
  7674 | D:9      | Gained mutation: You have sharp fingernails. [mutagenic meat]
  7675 | D:9      | Lost mutation: Your spells are a little easier to cast, but a little less powerful. [mutagenic meat]
  8109 | D:10     | Entered Level 10 of the Dungeon
  8159 | D:10     | Noticed a hill giant
  8198 | D:10     | Killed a hill giant
  8198 | D:10     | Reached skill level 9 in Fighting
  8198 | D:10     | Reached XP level 10. HP: 66/66 MP: 9/12
  8606 | D:8      | Noticed a two-headed ogre
  8630 | D:8      | Killed a two-headed ogre
  8851 | D:8      | Killed a gargoyle
  9710 | D:8      | Killed an unseen horror
 10122 | D:8      | Gained mutation: Armour fits poorly on your strangely shaped body. [mutagenic meat]
 10123 | D:8      | Gained mutation: Your system is resistant to poisons. [mutagenic meat]
 10124 | D:8      | Gained mutation: Your mind is acute. (Int +2) [mutagenic meat]
 10125 | D:8      | Gained mutation: Scrolls take you a little longer to read. [mutagenic meat]
 10157 | D:8      | Reached skill level 5 in Polearms
 10303 | D:8      | Found a blossoming altar of Fedhas.
 10389 | D:8      | Found a staircase to the Lair.
 10422 | D:8      | Gained mutation: You are partially covered in iridescent scales (AC +4). [mutagenic meat]
 10423 | D:8      | Gained mutation: You have a pair of small horns on your head. [mutagenic meat]
 10424 | D:8      | Gained mutation: You can spit weak poison. [mutagenic meat]
 10425 | D:8      | Lost mutation: Your mind is acute. (Int +2) [mutagenic meat]
 10428 | D:8      | Noticed Erolcha
 10435 | D:8      | Killed Erolcha
 10435 | D:8      | Reached skill level 10 in Fighting
 10435 | D:8      | Reached XP level 11. HP: 65/72 MP: 7/13
 10582 | D:9      | Learned a level 3 spell: Ozocubu's Armour
 10625 | Lair:1   | Entered Level 1 of the Lair of Beasts
 10742 | Lair:1   | Reached skill level 1 in Ice Magic
 11002 | Lair:1   | Reached skill level 1 in Spellcasting
 12106 | Lair:2   | Acquired Okawaru's second power
 12955 | Lair:3   | Reached XP level 12. HP: 29/77 MP: 19/19
 13193 | Lair:3   | Noticed Maud
 13210 | Lair:3   | Slain by Maud

Action                   |  1- 3 |  4- 6 |  7- 9 | 10-12 || total
-------------------------+-------+-------+-------+-------++-------
Melee: Quarterstaff      |    82 |   139 |   300 |       ||   521
       Glaive            |       |       |    68 |   526 ||   594
 Fire: Blowgun           |       |    59 |    73 |    41 ||   173
Throw: Stone             |     4 |    20 |     1 |       ||    25
Invok: Heroism           |       |       |    12 |    12 ||    24
 Abil: Fly               |       |       |    15 |    14 ||    29
  Use: Potion            |     2 |       |     1 |       ||     3
       Scroll            |       |     6 |     4 |     7 ||    17
 Stab: Sleeping          |     1 |     2 |     1 |     6 ||    10
       Distracted        |       |       |     1 |     1 ||     2
  Eat: Chunk             |       |     7 |    12 |    18 ||    37
       Fruit             |       |     3 |     2 |       ||     5
       Meat ration       |       |       |     2 |     1 ||     3
       Bread ration      |       |       |       |     1 ||     1
       Beef jerky        |       |       |       |     1 ||     1
